[Event "*** Titled Tuesday Blitz"]
[Site "Chess.com"]
[Date "2019.11.05"]
[Round "5"]
[White "jefferyx"]
[Black "nailbeshirli"]
[Result "0-1"]
[WhiteElo "2931"]
[BlackElo "2677"]
[TimeControl "180+2"]
[EndTime "14:07:44 PST"]
[Termination "nailbeshirli won by resignation"]

1. d4 Nf6 2. c4 e6 3. Nc3 Bb4 4. Nf3 O-O 5. Bg5 b6 6. e4 h6 7. Bh4 g5 8. Nxg5 Nxe4 9. Nf3 Nxc3 10. bxc3 Bxc3+ 11. Ke2 f6 12. Rb1 Qe8 13. Qd3 Ba5 14. g4 Bb7 15. Bg2 Nc6 16. Bg3 e5 17. dxe5 Nxe5 18. Nxe5 fxe5 19. Rhg1 Bxg2 20. Rxg2 Qf7 21. g5 e4 22. Qd4 Qf3+ 23. Kf1 Qd3+ 24. Qxd3 exd3 25. gxh6 Kh7 26. Bxc7 Rf7 27. Rb3 Re8 28.
Rg7+ Rxg7 29. hxg7 d2 30. Rh3+ Kxg7 31. Rg3+ Kf6 32.
Rf3+ Kg6 33. Rg3+ Kf5 34. Rf3+ Kg4 35. Rg3+ Kh5 36. Rh3+ Kg5 37. Rg3+ Kh4 38. Rd3 Re1+ 39. Kg2 d1=Q 40. Rh3+ 0-1

[Event "*** Titled Tuesday Blitz"]
[Site "Chess.com"]
[Date "2019.11.05"]
[Round "5"]
[White "boasovietica"]
[Black "babadroga92"]
[Result "1-0"]
[WhiteElo "2454"]
[BlackElo "2641"]
[TimeControl "180+2"]
[EndTime "14:07:45 PST"]
[Termination "boasovietica won on time"]

1. e4 e5 2. Nf3 Nf6 3. Nc3 Bb4 4. Bc4 O-O 5. O-O Bxc3 6. dxc3 d6 7. Qe2 Bg4 8. Bg5 h6 9. Bh4 Nbd7 10. h3 Bh5 11.
g4 Bg6 12. Nd2 Qe8 13. Rae1 c6 14. Bd3 Nh7 15. Nc4 Qe6 16. a3 Rae8 17. Ne3 d5 18.
Nf5 Nc5 19. f3 a6 20. Bf2 Nxd3 21. cxd3 Bxf5 22. gxf5 Qd6 23. b4 d4 24. cxd4 exd4 25. Kg2 Nf6 26. Bg3 Qd7 27. Rg1 Nh5 28. Kh2 Kh7 29. Rg2 g5 30. Reg1 f6 31. f4 Nxg3 32. Rxg3 Qf7 33. fxg5 hxg5 34. h4 1-0

[Event "*** Titled Tuesday Blitz"]
[Site "Chess.com"]
[Date "2019.11.05"]
[Round "5"]
[White "nihalsarin"]
[Black "FelixJoseYnojosa"]
[Result "1-0"]
[WhiteElo "2989"]
[BlackElo "2629"]
[TimeControl "180+2"]
[EndTime "14:07:50 PST"]
[Termination "nihalsarin won by resignation"]

1. e4 c5 2. Nc3 Nc6 3. f4 e6 4. Nf3 d5 5. Bb5 Nf6 6. d3 Be7 7. Ne5 Qb6 8. a4 O-O 9. Bxc6 bxc6 10. a5 Qc7 11. O-O Ba6 12. Qf3 Bd6 13. Kh1 Bxe5 14. fxe5 Qxe5 15. Bf4 Qh5 16. Qxh5 Nxh5 17. Bd6 Rfe8 18.
e5 f5 19. Bxc5 g5 20. Ne2 Bc8 21. Nd4 Bd7 22. Ra3 Reb8 23. b4 Nf4 24. Bd6 Rc8 25.
Nb3 Be8 26. Nc5 Bf7 27. h4 h6 28. hxg5 hxg5 29. Be7 Kg7 30. Bxg5 Ne2 31. Bf6+ Kg6 32. Rf3 f4 33. Ra1 Kf5 34. Re1 Ng3+ 35. Kg1 Bh5 36.
Rf2 Bg4 37. Re3 Kg6 38. Rxf4 Ne2+ 39. Rxe2 Bxe2 40. Nxe6 Rg8 41. Rh4 Bd1 42. c3 Kf7 43. Nd4 c5 44. bxc5 Rab8 45. c6 Rb2 46. Rh7+ Kg6 47.
Rxa7 Kh6 48. Nf5+ Kh5 49. Rg7 Rxg7 50. Nxg7+ Kg6 51. c7 Bg4 52. e6 Bxe6 53. Nxe6 1-0

[Event "*** Titled Tuesday Blitz"]
[Site "Chess.com"]
[Date "2019.11.05"]
[Round "5"]
[White "Mikhail_Golubev"]
[Black "Denis_Makhnyov"]
[Result "0-1"]
[WhiteElo "2617"]
[BlackElo "2916"]
[TimeControl "180+2"]
[EndTime "14:08:02 PST"]
[Termination "Denis_Makhnyov won by resignation"]

1. e4 e5 2. Nf3 Nc6 3. Nc3 Nf6 4. d4 exd4 5. Nxd4 Bb4 6. Nxc6 bxc6 7. Bd3 d5 8. Bd2 O-O 9. O-O Re8 10. Nxd5 cxd5 11.
Bxb4 dxe4 12. Bc4 Be6 13. Bxe6 Rxe6 14. Qxd8+ Rxd8 15. Rad1 Ree8 16. Bc5 a6 17. Rfe1 Nd7 18. Bb4 f5 19. Ba5 Nf6 20. Bxc7 Rc8 21. Ba5 Rxc2 22. Bc3 Kf7 23. h3 Re6 24. Kf1 g5 25. Re2 Rxe2 26. Kxe2 h5 27. Rd4 h4 28. Ra4 Nh5 29. Ke3 Nf4 30. g3 Nxh3 31. gxh4 gxh4 32. Ra5 Kg6 33. Be5 Kg5 34. Rc5 Kg4 35. b4 f4+ 36. Kxe4 Ng5+ 37.
Kd5 h3 38. Rc4 Rxe5+ 39. Kxe5 Nf3+ 0-1

[Event "*** Titled Tuesday Blitz"]
[Site "Chess.com"]
[Date "2019.11.05"]
[Round "5"]
[White "Manukyan_Artak"]
[Black "cherryandmint"]
[Result "0-1"]
[WhiteElo "2387"]
[BlackElo "2816"]
[TimeControl "180+2"]
[EndTime "14:08:02 PST"]
[Termination "cherryandmint won by resignation"]

1. e4 c5 2. Nf3 Nc6 3. c3 e6 4. d4 d5 5. e5 Qb6 6. a3 Nh6 7. b4 cxd4 8. cxd4 Nf5 9. Bb2 Bd7 10. g4 Nfe7 11. Nc3 h5 12. Na4 Qd8 13. Nc5 Bc8 14.
g5 b6 15. Nb3 Nf5 16. h4 Be7 17. Bd3 g6 18. Rc1 Bd7 19. O-O O-O 20. Bxf5 exf5 21. Qd3 Qe8 22. Rfd1 f4 23. b5 Nd8 24. a4 Bg4 25. Nbd2 Qd7 26. Ba3 Ne6 27. Bxe7 Qxe7 28. Rc6 Qb4 29. Ra1 Rfc8 30. Rac1 Rxc6 31. bxc6 Qxa4 32.
Kg2 Rc8 33. Qc3 Kg7 34. Ra1 Rxc6 35. Rxa4 Rxc3 36. Rxa7 Rd3 37. Ra4 b5 38. Rb4 Nc7 39.
e6 fxe6 40. Rb2 Bf5 41. Ne5 Rxd4 42. Ndf3 Ra4 43. Nc6 Be4 44. Rb3 Kf8 45. Kf1 Ra1+ 46. Ke2 Ra2+ 47. Ke1 Na6 48. Nfd4 Nc5 49. Rxb5 Nd3+ 50.
Kd1 Nxf2+ 51. Kc1 Nd3+ 52. Kb1 Nb4+ 53. Kc1 Nxc6 54. Nxc6 Rc2+ 0-1

[Event "*** Titled Tuesday Blitz"]
[Site "Chess.com"]
[Date "2019.11.05"]
[Round "5"]
[White "snowlord"]
[Black "TST2014"]
[Result "1/2-1/2"]
[WhiteElo "2727"]
[BlackElo "2532"]
[TimeControl "180+2"]
[EndTime "14:08:05 PST"]
[Termination "Game drawn - insufficient material"]

1. c4 e5 2. Nc3 d6 3. d4 Nc6 4. Nf3 g6 5. dxe5 Nxe5 6. c5 Nxf3+ 7. exf3 dxc5 8. Qxd8+ Kxd8 9. Bg5+ Be7 10. O-O-O+ Bd7 11. Bf4 c6 12. Bc4 Ke8 13. Bxf7+ Kxf7 14. Rxd7 b6 15. Re1 h6 16. Bd6 Re8 17. Rxa7 Kf8 18. Bxe7+ Rxe7 19. Rexe7 Nxe7 20. Ra8+ Kg7 21. Rxh8 Kxh8 22.
Na4 Nd5 23. Kd2 Kg7 24. Nc3 Nf4 25. g3 Ne6 26. Na4 b5 27. Nc3 g5 28. b3 Kf6 29. a4 Nd4 30. axb5 cxb5 31. Ne4+ Ke5 32. Nxc5 Kd5 33. b4 Kc4 34. Ke3 Nc2+ 35. Ke4 Nxb4 36. Nd7 Nc2 37. Ne5+ Kc3 38. Nc6 Kc4 39. f4 gxf4 40.
Kxf4 Kd5 41. Na5 b4 42. Kf5 Nd4+ 43. Kg6 Nc6 44. Nb3 Kc4 45. Nc1 Kc3 46. Na2+ Kd3 47. Nxb4+ Nxb4 48. Kxh6 Ke4 49. h4 Kf5 50. f3 Nc6 51.
g4+ Kf4 52. h5 Ne5 53. Kg7 Nxf3 54. h6 Ng5 55. Kg6 Kxg4 56. h7 Nxh7 1/2-1/2

[Event "*** Titled Tuesday Blitz"]
[Site "Chess.com"]
[Date "2019.11.05"]
[Round "5"]
[White "chito89"]
[Black "Genghis_K"]
[Result "0-1"]
[WhiteElo "2753"]
[BlackElo "2912"]
[TimeControl "180+2"]
[EndTime "14:08:07 PST"]
[Termination "Genghis_K won by resignation"]

1. e4 c6 2. d4 d5 3. exd5 cxd5 4. Bd3 Nc6 5. c3 Qc7 6. Ne2 Bg4 7. O-O e6 8. Qe1 Nf6 9. f3 Bh5 10. Qh4 h6 11. Ng3 Bg6 12. Bxg6 fxg6 13. Re1 Kf7 14. Bf4 Qb6 15. Nd2 e5 16. Be3 exd4 17. Bf2 Qc7 18. cxd4 Bd6 19. Nb3 b6 20. Rab1 Qd7 21. f4 Rhe8 22.
Re5 g5 23. fxg5 Nxe5 24. gxf6 Qg4 25. Qh5+ Qxh5 26. Nxh5 Ng4 27. Nxg7 Re2 28. Bh4 Rc8 29. Nf5 Bxh2+ 30. Kh1 Rcc2 31. Rf1 Bc7 32. Nc1 Rxg2 33.
Re1 Rh2+ 34. Kg1 Rhg2+ 35. Kh1 Rh2+ 36. Kg1 Rcg2+ 37. Kf1 Rxb2 38. Kg1 Rhg2+ 39. Kh1 Rh2+ 40. Kg1 Rbg2+ 41. Kf1 Nxf6 42. Re7+ Kg6 43. Ne3 Rd2 44. Ke1 Bf4 45. Bxf6 Bg3+ 0-1

[Event "*** Titled Tuesday Blitz"]
[Site "Chess.com"]
[Date "2019.11.05"]
[Round "5"]
[White "DrRiebert"]
[Black "eldur16"]
[Result "0-1"]
[WhiteElo "2397"]
[BlackElo "2593"]
[TimeControl "180+2"]
[EndTime "14:08:07 PST"]
[Termination "eldur16 won by resignation"]

1. e4 g6 2. d4 Bg7 3. Nc3 d6 4. Be3 a6 5. h3 b5 6. g4 Bb7 7. Bg2 Nf6 8. a3 h5 9. g5 Nfd7 10.
Nge2 c5 11. O-O O-O 12. d5 Nb6 13. f4 Nc4 14. Bc1 b4 15. axb4 cxb4 16. Na4 Nd7 17.
Kh1 a5 18. Rb1 Ndb6 19. Nxb6 Qxb6 20. Rf3 Rfc8 21. b3 Na3 22. Be3 Qc7 23. c4 bxc3 24.
Rc1 c2 25. Qf1 Ba6 26. f5 Be5 27. Qf2 Bxe2 28. Qxe2 Rab8 29. h4 Rxb3 30. Bh3 Rcb8 31. fxg6 fxg6 32. Be6+ Kh8 33. Qf1 Bg7 34. Rf7 Qc3 35.
Bd2 Qxd2 36. Rxg7 Qxc1 37. Qxc1 Rb1 38. Rf7 0-1

[Event "*** Titled Tuesday Blitz"]
[Site "Chess.com"]
[Date "2019.11.05"]
[Round "5"]
[White "Eliwood44"]
[Black "Pilopa"]
[Result "1-0"]
[WhiteElo "2368"]
[BlackElo "2548"]
[TimeControl "180+2"]
[EndTime "14:08:07 PST"]
[Termination "Eliwood44 won by resignation"]

1. d4 Nc6 2. Bf4 d6 3. e4 g6 4.
Bb5 a6 5. Bxc6+ bxc6 6. Ne2 Rb8 7. b3 Bg7 8. O-O c5 9. c3 Nf6 10. Nd2 Nd7 11. Rc1 O-O 12. h3 Bb7 13. Bh2 Ba8 14.
Re1 cxd4 15. cxd4 c5 16. dxc5 Nxc5 17. e5 Nd3 18. exd6 exd6 19. Nc4 Qg5 20. Bg3 Nxe1 21. Qxe1 Rfe8 22. Rd1 Rbd8 23. Nxd6 Re6 24. Qd2 Rdxd6 25. Qxg5 Rxd1+ 26. Kh2 Rxe2 27. Qg4 Ree1 28. Qc8+ Bf8 29. Bf4 Bc6 30. Qxc6 Rd8 31. Qxa6 Re4 32. Kg3 h5 33. h4 Re6 34. Qc4 Rde8 35. f3 Re2 36. a4 Ra2 37. Bg5 Ree2 38. Qc8 Rxg2+ 39. Kf4 Kg7 40. Bh6+ Kxh6 41.
Qxf8+ Kh7 42. Qxf7+ Kh6 43. Qg8 g5+ 44. hxg5+ Rxg5 45.
Qxg5+ Kh7 46. Qxh5+ Kg7 1-0

[Event "*** Titled Tuesday Blitz"]
[Site "Chess.com"]
[Date "2019.11.05"]
[Round "5"]
[White "MFBerna"]
[Black "Joel1285"]
[Result "1-0"]
[WhiteElo "2308"]
[BlackElo "1896"]
[TimeControl "180+2"]
[EndTime "14:08:08 PST"]
[Termination "MFBerna won by resignation"]

1. e4 c5 2. Nf3 Nc6 3. Bb5 g6 4. O-O Bg7 5. Re1 Nf6 6. e5 Nd5 7. d3 O-O 8. Nc3 Nc7 9. Bc4 b6 10. Bf4 Ne6 11. Bg3 Bb7 12. a3 Ncd4 13. Nxd4 Nxd4 14.
Nd5 b5 15. Ba2 Rc8 16. c3 Ne6 17. Qf3 Bc6 18. Rad1 Nc7 19. c4 e6 20. Nf6+ Bxf6 21.
Qxf6 Qxf6 22. exf6 Ne8 23. Bh4 d6 24. b4 cxb4 25.
axb4 bxc4 26. dxc4 e5 27. f4 exf4 28. Re7 Rc7 29.
Rde1 h6 30. b5 Bd7 31. c5 dxc5 32. Rd1 g5 33. Bf2 Nxf6 34. Rd6 Kg7 35. g3 Be6 36. Rdxe6 Rxe7 37. Rxe7 Nd5 38. Rxa7 fxg3 39. Bxc5 gxh2+ 40. Kxh2 Nf4 41. Bxf8+ Kxf8 42. Rxf7+ 1-0

[Event "*** Titled Tuesday Blitz"]
[Site "Chess.com"]
[Date "2019.11.05"]
[Round "5"]
[White "SHIVACalypso"]
[Black "belisarius64"]
[Result "0-1"]
[WhiteElo "2277"]
[BlackElo "2584"]
[TimeControl "180+2"]
[EndTime "14:08:09 PST"]
[Termination "belisarius64 won on time"]

1. Nf3 d5 2. c4 e6 3. g3 g6 4. Bg2 Bg7 5. O-O Ne7 6. d4 O-O 7. cxd5 exd5 8. Nc3 c6 9. b3 Nf5 10. a4 Re8 11. e3 h5 12. Ba3 h4 13. Rc1 hxg3 14. hxg3 Bh6 15. Ne5 Nd7 16. Nxd7 Bxd7 17. Rc2 Kg7 18. e4 dxe4 19. Nxe4 Be6 20. d5 Bxd5 21.
Bb2+ Kf8 22. Nf6 Bxg2 23. Nh7+ Kg8 24. Nf6+ Qxf6 25. Bxf6 Bxf1 26. Qxf1 Re6 27. Bb2 Rae8 28. Qc4 Re1+ 29. Kg2 Rd1 30. Qc3 Bg7 31. Qc4 Ree1 32. Bxg7 Rg1+ 33. Kf3 Kxg7 34. Qe4 Nd4+ 35. Kf4 Nxc2 36. Qe5+ Kg8 37. Qe8+ Kg7 38. Qe5+ Kh7 39. Qf6 Rd4+ 40. Kf3 Kg8 0-1

[Event "*** Titled Tuesday Blitz"]
[Site "Chess.com"]
[Date "2019.11.05"]
[Round "5"]
[White "Tsschessulover"]
[Black "Alex_Molchanov"]
[Result "0-1"]
[WhiteElo "2428"]
[BlackElo "2629"]
[TimeControl "180+2"]
[EndTime "14:08:10 PST"]
[Termination "Alex_Molchanov won by resignation"]

1. d4 d5 2. c4 e6 3. Nc3 Be7 4. cxd5 exd5 5. Nf3 c6 6. Bf4 Bf5 7. e3 Nf6 8. Bd3 Bxd3 9. Qxd3 O-O 10. O-O Nbd7 11. Rab1 Nb6 12. h3 Re8 13. Ne5 Nfd7 14. b4 Nxe5 15. Bxe5 Nc4 16. Bh2 b5 17. e4 dxe4 18.
Nxe4 Qd5 19. Nc3 Qd7 20. Rfd1 Rad8 21. a4 a6 22. axb5 axb5 23. d5 Bf6 24. Qf3 Bxc3 25.
dxc6 Qxd1+ 26. Rxd1 Rxd1+ 27. Qxd1 Re1+ 28. Qxe1 Bxe1 29. c7 Nb6 30. Bd6 f5 31. Kf1 Bc3 32.
Ke2 Kf7 33. Ke3 Ke6 34. Bc5 Nc8 35. Bd4 Bxb4 36. Bxg7 Bd6 37. Kd4 Ne7 38. g4 Nc6+ 39. Ke3 Bxc7 40. gxf5+ Kxf5 41. Kd3 Bb6 42. f3 Kf4 43.
Ke2 Nd4+ 44. Kd3 Nxf3 45. Kc3 Bc5 46. Kb3 h5 47. Bf6 Kg3 48. Be7 Bxe7 0-1

[Event "*** Titled Tuesday Blitz"]
[Site "Chess.com"]
[Date "2019.11.05"]
[Round "5"]
[White "vlad_Sid"]
[Black "Eloist"]
[Result "1-0"]
[WhiteElo "2505"]
[BlackElo "2239"]
[TimeControl "180+2"]
[EndTime "14:08:10 PST"]
[Termination "vlad_Sid won by checkmate"]

1. e4 e6 2. d4 d5 3. e5 c5 4.
c3 Qb6 5. Nf3 Bd7 6. Bd3 cxd4 7.
Nxd4 Nc6 8. Nxc6 bxc6 9. O-O Ne7 10. Nd2 c5 11. Nf3 Bb5 12. Re1 Bxd3 13. Qxd3 c4 14. Qe2 Rb8 15. Rb1 Nc6 16. b4 cxb3 17. axb3 a5 18. h4 h6 19. h5 Be7 20. Be3 Qc7 21. Qd2 Rb7 22. Bf4 Qb8 23. Qd3 O-O 24. Nd2 Bg5 25. Bxg5 hxg5 26. Qe3 Qd8 27. g4 Re8 28.
Nf3 f6 29. exf6 Qxf6 30. Qd3 Qf4 31. Qg6 Qxg4+ 32. Kf1 Qh3+ 33. Kg1 Qg4+ 34. Kh2 Rf8 35. Qxe6+ Qxe6 36. Rxe6 Rxf3 37. Rxc6 Rxf2+ 38. Kg3 Rc2 39. Kg4 d4 40. Rd1 dxc3 41. Rd8+ Kh7 42. Rcc8 Rg2+ 43.
Kh3 g4+ 44. Kxg2 Rxb3 45. Rh8# 1-0

[Event "*** Titled Tuesday Blitz"]
[Site "Chess.com"]
[Date "2019.11.05"]
[Round "5"]
[White "Misha_Bilous"]
[Black "liczner"]
[Result "0-1"]
[WhiteElo "2488"]
[BlackElo "2795"]
[TimeControl "180+2"]
[EndTime "14:08:12 PST"]
[Termination "liczner won on time"]

1. d4 Nf6 2. c4 g6 3. f3 c5 4. d5 b5 5. cxb5 a6 6. e4 d6 7. Nc3 Bg7 8. Be3 O-O 9. bxa6 Qb6 10. Qd2 Nxa6 11. Bb5 Bd7 12. Bxd7 Nxd7 13. Nge2 Ne5 14.
b3 Nc7 15. O-O Rfb8 16. h3 Nb5 17. f4 Nd7 18. Rac1 Qa6 19. e5 Nxc3 20. Nxc3 dxe5 21. fxe5 Bxe5 22. Bg5 f6 23. Bf4 c4 24. bxc4 Qxc4 25.
d6 Qc5+ 26. Kh1 Qxd6 27. Qxd6 exd6 28. Bxe5 dxe5 29. Rfd1 Nb6 30. Rc2 Rd8 31. Rdc1 f5 32. Nb5 e4 33. Rc6 Nd5 34. a3 Nf4 35. Rc7 Rdb8 36.
R1c5 Ne6 0-1

[Event "*** Titled Tuesday Blitz"]
[Site "Chess.com"]
[Date "2019.11.05"]
[Round "5"]
[White "Oligan22"]
[Black "Storne89"]
[Result "0-1"]
[WhiteElo "2463"]
[BlackElo "2679"]
[TimeControl "180+2"]
[EndTime "14:08:14 PST"]
[Termination "Storne89 won by resignation"]

1. e4 e5 2. Nf3 Nc6 3. Bb5 g6 4. c3 Bg7 5. d4 exd4 6. cxd4 a6 7. Ba4 b5 8. Bb3 Na5 9. Bd2 Nxb3 10. Qxb3 d6 11.
O-O Nf6 12. e5 dxe5 13. dxe5 Ne4 14. Bb4 c5 15. Qe3 Qd5 16. Nc3 Nxc3 17. Bxc3 O-O 18. Rfd1 Qc6 19. Rac1 Be6 20. Bb4 Rfd8 21. Bxc5 Rxd1+ 22. Rxd1 Bxa2 23. b4 Bd5 24. Nd4 Qb7 25. f3 Re8 26. Bd6 Qb6 27. Kf2 Qb7 28. Nb3 Bxb3 29. Qxb3 Bxe5 30. Bxe5 Rxe5 31. Rd8+ Kg7 32. Qd3 Qb6+ 33.
Qd4 Qxd4+ 34. Rxd4 Re6 35. f4 h5 36. Kf3 Rc6 37.
Rd7 Rc3+ 38. Ke4 Rc4+ 39. Rd4 Rc2 40. Kf3 Rb2 41. h3 h4 42. Kg4 Rxg2+ 43. Kxh4 Kh6 44. Rd6 Rb2 45. Rxa6 Rxb4 46. Kg3 Rb3+ 47. Kg4 f5+ 48. Kh4 Rf3 49. Rb6 Rxf4+ 50. Kg3 Rb4 0-1

[Event "*** Titled Tuesday Blitz"]
[Site "Chess.com"]
[Date "2019.11.05"]
[Round "5"]
[White "MITerryble"]
[Black "riconaipe"]
[Result "1-0"]
[WhiteElo "2867"]
[BlackElo "2613"]
[TimeControl "180+2"]
[EndTime "14:08:15 PST"]
[Termination "MITerryble won by resignation"]

1. e4 c6 2. Nf3 d5 3. exd5 cxd5 4. Ne5 Nc6 5. d4 e6 6. c3 Bd6 7. Bb5 Bd7 8. Nxd7 Qxd7 9. O-O Nge7 10. Nd2 Ng6 11.
g3 h5 12. h4 Nge7 13. Nf3 a6 14. Bd3 Qc7 15. Kg2 f6 16. Re1 e5 17. dxe5 fxe5 18. Ng5 Rh6 19. c4 dxc4 20. Bxc4 Nd4 21. Bf7+ Kf8 22.
Bxh5 Kg8 23. Ne4 Re6 24. Bg4 Rg6 25. h5 Rxg4 26. Qxg4 Rf8 27. Bg5 Nef5 28. h6 g6 29. Rac1 Qd7 30. f3 Bb4 31. Bf6 Qh7 32. Bxe5 Bxe1 33. Rxe1 Qxh6 34. Ng5 Ne6 35. Qc4 Qxg5 36. Qxe6+ Rf7 37. Qc8+ Rf8 38. Qc4+ Rf7 39. Bf4 Nh4+ 40. Kf2 Qf5 41. Re7 g5 42. Qxf7+ Qxf7 43. Rxf7 Kxf7 44. gxh4 gxf4 45. Ke2 Kg6 46. Kd3 Kf5 47. Kd4 b5 48. b4 Kg6 49. Ke4 Kh5 50. Kxf4 Kxh4 51. Ke5 Kg5 52.
f4+ Kg6 53. f5+ Kf7 54. Kd6 Kf6 55. Kc6 Kxf5 56. Kb6 a5 57. bxa5 1-0

[Event "*** Titled Tuesday Blitz"]
[Site "Chess.com"]
[Date "2019.11.05"]
[Round "5"]
[White "WorldChampionBulletChess"]
[Black "Saitama_Hero"]
[Result "1/2-1/2"]
[WhiteElo "2091"]
[BlackElo "2347"]
[TimeControl "180+2"]
[EndTime "14:08:17 PST"]
[Termination "Game drawn by repetition"]

1. f4 e5 2. d3 exf4 3. Bxf4 Qf6 4. Bc1 d5 5. Nf3 Bg4 6. g3 Bc5 7. Bg2 Nc6 8. c3 d4 9. c4 Nge7 10. O-O h6 11. Bf4 O-O-O 12. a3 a5 13. b4 axb4 14. axb4 Bxb4 15. Nfd2 Qe6 16. Rf2 g5 17. Bxc7 Kxc7 18.
Na3 Nf5 19. Nb5+ Kd7 20. Ne4 Ne3 21. Qb3 Nxg2 22. Nf6+ Ke7 23. Kxg2 Bf5 24. Raf1 Qxf6 25. Rxf5 Qe6 26. Nc7 Qxe2+ 27. R1f2 Qe1 28. Rxf7+ Kd6 29. c5+ Kxc5 30. Qc4+ Kb6 31. Qb5+ Ka7 32. Ra2+ Ba5 33. Qc5+ Kb8 34. Na6+ Ka8 35. Nc7+ Kb8 36. Rb2 Bxc7 37. Qxc6 Qe2+ 38. Kh3 Qxb2 39. Qxc7+ Ka7 40. Qa5+ Kb8 41. Qc7+ Ka8 42. Qa5+ Kb8 43. Qc7+ 1/2-1/2

[Event "*** Titled Tuesday Blitz"]
[Site "Chess.com"]
[Date "2019.11.05"]
[Round "5"]
[White "PotapovaM"]
[Black "timator"]
[Result "0-1"]
[WhiteElo "2449"]
[BlackElo "2672"]
[TimeControl "180+2"]
[EndTime "14:08:21 PST"]
[Termination "timator won by resignation"]

1. d4 Nf6 2. c4 e6 3. Nf3 b6 4. g3 Ba6 5. b3 Bb4+ 6. Bd2 Be7 7. Nc3 c6 8. e4 d5 9. e5 Ne4 10. Bd3 Nxd2 11. Qxd2 Bb7 12. cxd5 cxd5 13. O-O O-O 14. Qe2 Nc6 15. a3 Rc8 16. Nd1 Na5 17. Rb1 Bxa3 18. b4 Nc6 19. h4 h6 20. Ng5 Nxb4 21. Bh7+ Kh8 22. Rb3 Nc6 23. Rxa3 Qe7 24. Rd3 g6 25. h5 Qxg5 26. hxg6 fxg6 27. f4 Nxd4 28. Rxd4 Qxg3+ 29. Qg2 Qxg2+ 30. Kxg2 Kxh7 31. Ne3 h5 32. Ra1 a5 33. Kg3 Rc3 34. Kf2 Bc6 35. Rb1 b5 36. Ra1 a4 37. Rb4 g5 38. f5 exf5 39. Re1 f4 40. Nd1 Rc2+ 41. Kf1 Rc4 42. Rb2 d4 43. e6 Re8 44. e7 Kg7 45. Rbe2 Bf3 46. Re5 Bxd1 47. Rxd1 Kf6 48. Rde1 d3 49. Re6+ Kf5 50. R1e5+ Kg4 51. Rg6 Kf3 52. Rd6 Rc1+ 53. Re1 Rxe1+ 54. Kxe1 Rxe7+ 55. Kd2 h4 56. Kxd3 h3 0-1

[Event "*** Titled Tuesday Blitz"]
[Site "Chess.com"]
[Date "2019.11.05"]
[Round "5"]
[White "Iyael"]
[Black "ShahMatKanal"]
[Result "0-1"]
[WhiteElo "2103"]
[BlackElo "2529"]
[TimeControl "180+2"]
[EndTime "14:08:24 PST"]
[Termination "ShahMatKanal won by resignation"]

1. e4 c6 2. d4 d5 3. Nc3 g6 4.
Nf3 Bg4 5. e5 e6 6. h3 Bxf3 7.
Qxf3 h5 8. Be3 Bh6 9. O-O-O Nd7 10. g4 Bxe3+ 11. fxe3 hxg4 12. hxg4 Rxh1 13. Qxh1 Qg5 14. Qh7 Ke7 15. Re1 Nh6 16. Bd3 Rf8 17. Kb1 Nxg4 18. e4 Qh6 19. Qxh6 Nxh6 20. Rh1 Rh8 21. Kc1 Kf8 22. Kd2 Kg7 23. Rf1 Ng4 24. exd5 exd5 25. Ne2 Rh2 26. Kc3 Rf2 27. Rg1 Nh6 28. Ng3 Kh7 29.
Ne2 Nf8 30. b4 a6 31. a4 Ne6 32. b5 axb5 33. axb5 Kg7 34. Ng3 Kf8 35. bxc6 bxc6 36.
Rb1 Rf3 37. Ne2 c5 38. dxc5 Nxc5 39. Kd4 Nxd3 40. cxd3 Nf5+ 41. Kxd5 Rxd3+ 42. Kc4 Re3 43. Nc3 Rxe5 44. Rb8+ Kg7 45. Rb7 Nd6+ 46. Kd4 Nxb7 47.
Kxe5 Nd8 48. Nd5 Nc6+ 49. Kf4 Nd4 50. Kg4 Ne6 51. Kg3 f5 52. Kf3 Kf7 53. Kg3 g5 54.
Kf3 Kg6 55. Ne7+ Kf6 56. Nd5+ Ke5 57. Ne7 Nd4+ 58. Kg3 Ne2+ 59. Kf2 Nc3 60. Ng6+ Ke4 61. Ne7 Nd5 62. Ng6 f4 63. Kg2 Kf5 64. Nf8 Nb6 65. Nh7 Kg6 66. Nf8+ Kf5 67. Nh7 g4 68. Kf2 Nd7 0-1

[Event "*** Titled Tuesday Blitz"]
[Site "Chess.com"]
[Date "2019.11.05"]
[Round "5"]
[White "Godzillator"]
[Black "misha_chessone"]
[Result "0-1"]
[WhiteElo "2299"]
[BlackElo "2485"]
[TimeControl "180+2"]
[EndTime "14:08:30 PST"]
[Termination "misha_chessone won by resignation"]

1. d4 d5 2. c4 c6 3. cxd5 cxd5 4. Bf4 Nc6 5. e3 Nf6 6. Nc3 e6 7. Bd3 Bd6 8. Bg3 O-O 9. Nf3 Bxg3 10. hxg3 h6 11. Rc1 Bd7 12. a3 Qe7 13. Bb1 e5 14. dxe5 Nxe5 15. Nxd5 Nxf3+ 16. gxf3 Nxd5 17. Qxd5 Bc6 18. Qd3 f5 19. Qe2 Rad8 20. O-O a6 21. Rfd1 Qg5 22. Kg2 Qf6 23. b4 Kh8 24. Rxd8 Rxd8 25.
Rd1 Rxd1 26. Qxd1 Qe6 27. Qd3 Bd7 28. e4 fxe4 29. fxe4 Bc6 30. f3 Qe5 31. f4 Qb2+ 32. Kf3 Qh2 33. Qe2 Qh1+ 34. Kf2 Qxb1 35. e5 Qf5 36. e6 Be8 37. e7 Qf7 38. Qe4 Bc6 39.
Qe5 Qe8 40. f5 Kg8 41. f6 gxf6 42. Qxf6 Qf7 43. Qxf7+ Kxf7 44. Ke3 Kxe7 45. Kf4 Kf6 46. Kg4 Bd5 47. a4 b6 48. a5 b5 49. Kh5 Bf3+ 50. Kxh6 Ke5 51. Kg5 Kd4 52. Kf4 Bd1 53. g4 Bxg4 54. Kxg4 Kc4 55. Kf5 Kxb4 56. Ke4 Kxa5 57. Kd3 Kb4 58. Kc2 Kc4 59. Kb2 b4 60. Ka2 Kc3 61. Kb1 b3 62. Kc1 b2+ 63. Kb1 a5 64. Ka2 Kc2 65. Ka3 a4 66. Kb4 b1=Q+ 67. Ka5 a3 0-1

[Event "*** Titled Tuesday Blitz"]
[Site "Chess.com"]
[Date "2019.11.05"]
[Round "5"]
[White "AndrBaryshpolets"]
[Black "Indianlad"]
[Result "1-0"]
[WhiteElo "2786"]
[BlackElo "3012"]
[TimeControl "180+2"]
[EndTime "14:08:33 PST"]
[Termination "AndrBaryshpolets won by resignation"]

1. d4 Nf6 2. c4 e6 3. Nc3 Bb4 4. g3 O-O 5. Bg2 d6 6. Nf3 Bxc3+ 7. bxc3 c5 8. dxc5 dxc5 9. Qxd8 Rxd8 10. Ne5 Nbd7 11. Nd3 Re8 12. Be3 Ng4 13. Bxc5 Nxc5 14. Nxc5 Rb8 15. O-O Ne5 16. Rab1 b6 17. Rb4 a5 18.
Rb5 Nxc4 19. Rfb1 e5 20. Bd5 Na3 21. Rxb6 Nxb1 22. Rxb8 Nxc3 23. Bc6 Rf8 24. Rb2 Bh3 25. Nd3 Rd8 26. f3 h5 27. Rc2 Nxe2+ 28. Rxe2 Rxd3 29.
Rxe5 g6 30. Rxa5 Rd2 31. f4 Kg7 32. a4 Rc2 33. Bd5 Rd2 34. Rc5 Rd4 35. a5 Ra4 36.
Kf2 Kf6 37. Rc6+ Kg7 38. a6 Bd7 39. Rc7 Rxa6 40. Rxd7 Rf6 41. Kg2 h4 42. Rxf7+ Rxf7 43. Bxf7 hxg3 44. Bd5 gxh2 45. Kxh2 Kf6 46. Be4 g5 47. f5 Ke5 48. Bc2 g4 49. Kg3 Kf6 1-0

[Event "*** Titled Tuesday Blitz"]
[Site "Chess.com"]
[Date "2019.11.05"]
[Round "5"]
[White "Recombinant"]
[Black "KL31"]
[Result "1-0"]
[WhiteElo "2347"]
[BlackElo "2497"]
[TimeControl "180+2"]
[EndTime "14:08:37 PST"]
[Termination "Recombinant won on time"]

1. d4 Nf6 2. c4 e6 3. Nc3 Bb4 4.
Nf3 O-O 5. g3 d5 6. Bg2 c6 7. Qb3 Bd6 8. O-O Nbd7 9. Re1 b6 10.
e4 dxe4 11. Nxe4 Nxe4 12. Rxe4 Bb7 13. Re1 c5 14. Be3 cxd4 15. Nxd4 Bxg2 16. Kxg2 Nc5 17. Qc2 Qe7 18. Rad1 Qb7+ 19. Kg1 Rad8 20. Nb5 Be7 21. b3 h6 22. Rxd8 Rxd8 23. Rd1 Qf3 24. Rxd8+ Bxd8 25. Nd4 Qh5 26. Nc6 Bf6 27. Nxa7 Qf3 28. Nb5 Ne4 29. Nd4 Bxd4 30. Bxd4 Ng5 31. h4 Ne4 32. Bxb6 Nxg3 33.
fxg3 Qxg3+ 34. Kf1 Qf4+ 35. Bf2 Qf3 36. c5 Qh1+ 37.
Ke2 Qc6 38. b4 f5 39. a4 f4 40. b5 f3+ 41. Kf1 Qd7 42. c6 Qc7 43. b6 Qh2 44. Ke1 Qh1+ 45. Kd2 Qg2 46. Ke3 Qf1 47. c7 1-0

[Event "*** Titled Tuesday Blitz"]
[Site "Chess.com"]
[Date "2019.11.05"]
[Round "5"]
[White "Mostii"]
[Black "Sajkochess"]
[Result "1-0"]
[WhiteElo "2507"]
[BlackElo "2327"]
[TimeControl "180+2"]
[EndTime "14:08:41 PST"]
[Termination "Mostii won by resignation"]

1. d4 Nf6 2. Nf3 e6 3. g3 d5 4. Bg2 c5 5. O-O cxd4 6. Nxd4 e5 7. Nf3 Nc6 8. b3 Be7 9. Bb2 d4 10. c3 dxc3 11. Qxd8+ Bxd8 12. Nxc3 Be6 13. Nb5 O-O 14. Nxe5 a6 15. Nxc6 axb5 16. Nd4 Bd7 17. Bxb7 Ra7 18. Bc6 Bb6 19. Bxb5 Rfa8 20. Bxd7 Nxd7 21. a4 Rb7 22. e3 Bxd4 23. Bxd4 Rxb3 24. a5 h6 25. a6 Nb8 26.
a7 Nc6 27. Rfd1 Rb7 28. Bc5 Rb5 29. Rdc1 Kh7 30. Ra6 Ne5 31. Bd4 Nf3+ 32. Kg2 Nxd4 33. exd4 Rb7 34. Rca1 Rb4 35. R1a4 Rb5 36. Kf3 f6 37.
R6a5 Rb7 38. h4 Kg6 39. d5 Kf7 40. Ke4 Ke7 41. Ra6 Kd7 42. Kf5 Rb5 43. Kg6 Rxd5 44.
Kxg7 f5 45. Rf6 Kc7 46. Rf7+ Kb6 47. Rf8 Rxa7+ 48. Rxa7 Kxa7 49. Kxh6 Kb7 50. Kg6 Kc7 51. Rxf5 Rd2 52. h5 Kd7 53. h6 Rd6+ 54. Rf6 Rd1 55.
h7 Rh1 56. Kg7 Ke7 57. Rh6 1-0